AoeStats
← krzyh88

Black Forest

508283515Analyzed
4v4 RM · 10d ago on Sep 21, 2026· 84m 46s· 8 players
Game mode
Random Map
Map size
Large (8 player)
Population
200
Speed
Normal
Resources
Standard
Victory
Conquest
Starting age
Dark Age
Ending age
Imperial Age
RankedLock teamsTeams togetherTeam positionsShared explorationLock speedFull tech treeHidden civsTurbo modeCheats
Victory
Defeat
🇦🇷 Spanish · Argentina
668
+7
🇧🇷 Byzantines · Brazil
638
+7
🇺🇸 Slavs · United States
527
+11
🇵🇷 Inca · Puerto Rico
447
+13
🇵🇱 Franks · Poland
450
-11
🇵🇱 Celts · Poland
416
-9
🇵🇱 Vietnamese · Poland
415
-9
🇵🇱 Italians · Poland
415
-9
Mistrz Krzychu
2:17 Loom
12:38 Feudal Age
15:13 Double-Bit Axe
21:46 Gold Mining
25:50 Castle Age
24:05 Forging
26:35 Caravan
29:21 Scale Mail Armor
29:30 Scale Barding Armor
29:49 Stone Mining
32:01 Bow Saw
35:23 Imperial Age
34:37 Chain Barding Armor
35:07 Wheelbarrow
35:38 Fortified Wall
36:10 Gold Shaft Mining
36:20 Husbandry
35:41 Cavalier
37:27 Conscription
38:21 Chemistry
38:40 Plate Barding Armor
39:55 Paladin
40:33 Pikeman
41:16 Squires
43:24 Halberdier
45:38 Hand Cart
48:37 Iron Casting
48:18 Chain Mail Armor
krzyh88
1:15 Loom
13:43 Feudal Age
14:46 Double-Bit Axe
14:50 Horse Collar
16:18 Scale Mail Armor
16:16 Gold Mining
19:21 Wheelbarrow
23:36 Castle Age
25:16 Stone Mining
25:54 Bow Saw
26:29 Pikeman
27:43 Chain Mail Armor
30:27 Masonry
30:13 Murder Holes
32:16 Hand Cart
33:03 Silk Road
34:25 Heavy Plow
34:29 Padded Archer Armor
34:19 Fletching
34:40 Forging
37:03 Fortified Wall
37:15 Ballistics
38:21 Leather Archer Armor
38:42 Iron Casting
38:02 Bodkin Arrow
38:16 Caravan
41:15 Imperial Age
40:40 Town Watch
42:32 Ring Archer Armor
42:33 Plate Mail Armor
42:04 Bracer
43:04 Blast Furnace
43:12 Chemistry
44:03 Two-Man Saw
43:43 Town Patrol
44:20 Scale Barding Armor
46:21 Crop Rotation
48:15 Bombard Tower
47:23 Elite Genoese Crossbowman
57:27 Onager
69:35 Conscription
Der Ryba
1:03 Loom
15:55 Feudal Age
16:28 Double-Bit Axe
16:26 Horse Collar
17:24 Wheelbarrow
18:45 Stone Mining
19:43 Gold Mining
29:02 Castle Age
30:27 Forging
30:18 Scale Mail Armor
30:23 Scale Barding Armor
31:36 Caravan
32:06 Bow Saw
32:06 Heavy Plow
33:10 Stone Shaft Mining
34:51 Hand Cart
34:44 Pikeman
36:10 Husbandry
39:00 Iron Casting
38:40 Chain Mail Armor
41:54 Chain Barding Armor
41:51 Chain Mail Armor
44:56 Imperial Age
44:10 Fortified Wall
44:23 Ballistics
44:58 Gold Shaft Mining
44:18 Treadmill Crane
44:49 Masonry
46:45 Blast Furnace
46:16 Plate Mail Armor
46:08 Cavalier
46:46 Onager
47:36 Arrowslits
48:43 Paladin
50:19 Conscription
55:53 Chemistry
54:44 Heated Shot
57:21 Fletching
57:31 Padded Archer Armor
57:41 Siege Engineers
57:20 Halberdier
60:18 Leather Archer Armor
59:59 Bodkin Arrow
59:59 Guard Tower
60:20 Careening
60:29 Heavy Scorpion
62:52 Murder Holes
65:00 Ring Archer Armor
67:19 Elite Woad Raider
przemorx
0:47 Loom
14:14 Feudal Age
14:42 Double-Bit Axe
23:04 Castle Age
25:14 Bow Saw
34:05 Imperial Age
33:53 Fletching
34:04 Padded Archer Armor
36:19 Bodkin Arrow
37:25 Fortified Wall
37:38 Forging
37:32 Scale Mail Armor
38:59 Chemistry
38:28 Thumb Ring
38:58 Elite Skirmisher
41:52 Paper Money
43:58 Two-Man Saw
43:35 Wheelbarrow
43:04 Husbandry
44:09 Imperial Skirmisher
57:15 Elite Rattan Archer
Jorf
11:26 Feudal Age
12:11 Double-Bit Axe
15:09 Horse Collar
21:37 Castle Age
20:13 Forging
21:22 Gold Mining
21:49 Stone Mining
29:51 Bow Saw
30:01 Heavy Plow
31:02 Iron Casting
31:59 Husbandry
33:37 Wheelbarrow
34:01 Caravan
38:36 Imperial Age
36:01 Loom
37:49 Hand Cart
40:32 Chemistry
40:03 Conscription
39:18 Heavy Camel Rider
40:45 Fortified Wall
40:57 Ballistics
48:11 Scale Barding Armor
50:38 Chain Barding Armor
67:27 Gold Shaft Mining
80:30 Coinage
80:11 Guilds
81:45 Elite Cataphract
Navi
1:31 Loom
14:09 Feudal Age
15:46 Town Watch
19:11 Wheelbarrow
20:29 Horse Collar
20:34 Double-Bit Axe
20:40 Gold Mining
20:41 Stone Mining
26:08 Castle Age
24:53 Padded Archer Armor
26:11 Fletching
27:36 Pikeman
28:02 Arson
31:06 Hand Cart
30:51 Town Patrol
31:59 Leather Archer Armor
31:41 Bodkin Arrow
32:37 Treadmill Crane
33:33 Town Patrol
35:53 Bow Saw
35:44 Heavy Plow
36:20 Gold Shaft Mining
40:23 Imperial Age
38:21 Scale Mail Armor
38:32 Forging
38:20 Guard Tower
39:48 Andean Sling
40:03 Squires
42:07 Fortified Wall
41:53 Murder Holes
42:08 Masonry
43:15 Halberdier
45:24 Siege Engineers
45:55 Keep
45:06 Arrowslits
45:42 Ballistics
50:24 Fabric Shields
51:42 Elite Kamayuk
68:57 Ring Archer Armor
68:27 Bracer
69:03 Iron Casting
68:43 Chain Mail Armor
68:25 Heated Shot
69:36 Chemistry
Vengefulone
11:47 Feudal Age
13:53 Wheelbarrow
14:57 Horse Collar
15:06 Double-Bit Axe
17:10 Man-at-Arms
22:06 Scale Mail Armor
22:17 Forging
22:01 Fletching
22:46 Gold Mining
22:50 Stone Mining
24:18 Town Watch
26:58 Padded Archer Armor
27:06 Scale Barding Armor
30:31 Castle Age
31:14 Town Patrol
31:31 Hand Cart
33:00 Gold Shaft Mining
33:07 Iron Casting
32:48 Chain Mail Armor
32:41 Squires
33:09 Loom
33:43 Caravan
34:13 Coinage
33:59 Detinets
33:54 Pikeman
33:59 Long Swordsman
35:04 Heavy Plow
35:34 Bow Saw
36:28 Bodkin Arrow
40:51 Imperial Age
40:36 Ballistics
40:13 Murder Holes
40:29 Masonry
40:30 Fortified Wall
40:50 Chain Barding Armor
40:46 Leather Archer Armor
43:05 Two-Man Saw
42:42 Crop Rotation
42:22 Druzhina
42:43 Conscription
43:50 Hoardings
43:49 Capped Ram
44:03 Halberdier
44:03 Two-Handed Swordsman
46:14 Plate Mail Armor
46:45 Blast Furnace
47:16 Siege Ram
48:01 Champion
53:25 Ring Archer Armor
53:30 Plate Barding Armor
52:19 Elite Boyar
61:02 Chemistry
75:23 Husbandry
75:33 Bloodlines
braian4400
0:34 Loom
15:31 Feudal Age
16:02 Stone Mining
22:57 Castle Age
22:34 Fletching
24:18 Guard Tower
26:28 Fervor
28:59 Double-Bit Axe
31:47 Wheelbarrow
36:35 Horse Collar
41:47 Imperial Age
39:43 Ballistics
42:11 Padded Archer Armor
42:30 Bodkin Arrow
43:34 Gold Mining
43:50 Husbandry
44:27 Elite Conquistador
45:57 Conscription
46:54 Bracer
47:09 Heavy Plow
47:48 Bloodlines
47:57 Leather Archer Armor
49:00 Fortified Wall
53:36 Block Printing
53:48 Illumination
53:45 Block Printing
55:02 Ring Archer Armor
62:30 Caravan
65:35 Supremacy
65:37 Inquisition
66:31 Cavalier
67:20 Scale Barding Armor
67:25 Forging
68:25 Paladin
69:34 Chain Barding Armor
73:25 Plate Barding Armor
73:26 Iron Casting
Connection lost

Rejoining the realm…

Still unreachable

The connection could not be restored.

Session expired

The server has moved on; the page needs a fresh start.